 Dungeon Crawl Stone Soup version 0.31-a0-865-g3d5d91748a (webtiles) character file.

Game seed: 8754908056553331214

5 tilp the Vexing (level 1, 0/14 HPs)
             Began as a Vampire Enchanter on Oct 11, 2023.
             Slain by a hobgoblin (4 damage)
             ... on level 1 of the Dungeon.
             The game lasted 00:00:27 (33 turns).

tilp the Vexing (Vampire Enchanter)                   Turns: 33, Time: 00:00:27

Health: 0/14       AC:  2    Str:  7    XL:     1   Next: 66%
Magic:  3/3        EV: 12    Int: 17    God:
Gold:   0          SH:  0    Dex: 14    Spells: 4/4 levels left

rFire   . . .        a - +1 dagger
rCold   . . .        (no shield)
rNeg    . . .        b - +0 robe
rPois   .            (no helmet)
rElec   .            (no cloak)
rCorr   .            (no gloves)
SInv    +            (no boots)
Will    .....        (no amulet)
Stlth   +++          (no ring)
HPRegen 0.42/turn    (no ring)
MPRegen 0.08/turn

%: no passive effects
@: healing quickly
A: alive, fangs 3, see invisible, vampiric 1
a: Exsanguinate


You were on level 1 of the Dungeon.
You visited 1 branch of the dungeon, and saw 1 of its levels.

Inventory:

Hand Weapons
 a - a +1 dagger (weapon)
Armour
 b - a +0 robe (worn)
Potions
 c - 2 potions of invisibility


   Skills:
 * Level 0.3 Fighting
 * Level 1.4 Short Blades
 + Level 2.2 Dodging
 + Level 4.4 Stealth
 + Level 2.0 Spellcasting
 + Level 4.4 Hexes


You had 4 spell levels left.
You didn't know any spells.
Your spell library contained the following spells:

 Spells                   Type           Power      Damage    Failure   Level
 Confusing Touch          Hex            16%        N/A       10%         3
 Tukima's Dance           Hex            16%        N/A       10%         3
 Ensorcelled Hibernation  Hex/Ice        18%        N/A       12%         2
 Dazzling Flash           Conj/Hex       18%        N/A       24%         3


Dungeon Overview and Level Annotations

Branches:
Dungeon (1/15)

Altars:


Innate Abilities, Weirdness & Mutations

Your natural rate of healing is accelerated.
You have razor-sharp teeth.
You have supernaturally acute eyesight. (SInv)
You are afflicted with vampirism.


Message History

You closely miss the hobgoblin. You bite the hobgoblin.
The hobgoblin is almost dead.
The hobgoblin hits you.
You hit the hobgoblin but do no damage.
You bite the hobgoblin, but do no damage.
The hobgoblin is almost dead.
The hobgoblin closely misses you. The quokka closely misses you.
The quokka barely misses you. The quokka attacks as it pursues you!
The quokka closely misses you.
You barely miss the quokka. Your bite misses the quokka.
The quokka bites you but does no damage.
You hit the quokka.
The quokka is moderately wounded.
The quokka bites you.
You hit the quokka.
The quokka is almost dead.
The quokka closely misses you. The quokka barely misses you.
You hit the quokka.
You kill the quokka!
You hit the hobgoblin.
You kill the hobgoblin!
You hit the rat.
You kill the rat!
You hit the goblin but do no damage. The goblin hits you with a +0 dagger.
The hobgoblin hits you.
You see here a rat corpse.
You miss the goblin. The goblin barely misses you.
The hobgoblin barely misses you.
You closely miss the goblin. The goblin hits you with a +0 dagger.
The hobgoblin hits you.
* * * LOW HITPOINT WARNING * * *
You barely miss the goblin.
The hobgoblin hits you but does no damage.
The goblin hits you with a +0 dagger.
* * * LOW HITPOINT WARNING * * *
You hit the goblin.
You kill the goblin!
The hobgoblin closely misses you.
You barely miss the hobgoblin. The hobgoblin hits you.
You die...

......# ..... .....
... .!..###
#r#...#.. #.#......
#######........
#..@g..$.......
#.)#.....#...##
#..###.$.###..#
#.##.#...#.# $# #.#
#..)..# #.#
...##.....##..#
...............#
.........#......##.
......###........


You could see a hobgoblin.

Vanquished Creatures
  A goblin (D:1)
  A hobgoblin (D:1)
  A quokka (D:1)
  2 rats (D:1)
5 creatures vanquished.

Notes
Turn   | Place    | Note
-------+----------+-------------------------------------------
     0 | D:1      | tilp the Vampire Enchanter began the quest for the Orb.
     0 | D:1      | Reached XP level 1. HP: 13/13 MP: 3/3
    33 | D:1      | Slain by a hobgoblin

Illustrated notes

Levels and vault maps discovered:
D:1:      erik_arrival_blinker_ship, layout_rooms

Action                     || total
---------------------------++-------
  Melee: Dagger            ||    17
         Bite              ||     3
 Armour: Robe              ||    12
  Dodge: Dodged            ||    10

Table legend: (Time is in decaauts)
 A = Elapsed time spent in this place.
 B = Non-inter-level travel time spent in this place.
 C = Inter-level travel time spent in this place.
 D = Time resting spent in this place.
 E = Time spent auto-exploring this place.
 F = Levels seen in this place.
 G = Mean time per level.
                   A        B        C        D        E       F      G
               +--------+--------+--------+--------+--------+-----+--------+
         Total |     32 |     32 |      0 |      0 |      3 |   1 |   32.0 |
       Dungeon |     32 |     32 |      0 |      0 |      3 |   1 |   32.0 |
               +--------+--------+--------+--------+--------+-----+--------+

Top non-repeatable levels by time:
     D:1: 32 daAuts
